Map: Eastwatch LE

Players

Honor - Winner!

  • Race: Zerg Zerg
  • League: Master
  • Spawn Location: 7:00

A.I. 1 (Elite)

  • Race: Zerg Zerg
  • Spawn Location: 1:00

VOD

Have the link to the VOD?

Description

Time

  • Played on: March 22, 2018, 8:13 a.m.
  • Length: 10:18
Show
View Real Time Build Order
Export as new Build Order

Honor Zerg - Winner!

Build Orders: Pool First 

Get SALT Encoding   

  12  0:01  Drone  
  13  0:12  Overlord  
  14  0:21  Drone  
  14  0:32  Drone x2  
  14  0:34  Drone  
  17  0:46  Spawning Pool  
  17  0:48  Drone  
  17  1:10  Hatchery  
  16  1:12  Drone  
  16  1:15  Extractor  
  16  1:17  Drone  
  17  1:21  Drone  
  18  1:33  Zergling x2  
  18  1:35  Queen  
  21  1:41  Overlord  
  21  1:49  Drone  
  22  2:00  Drone  
  23  2:11  Queen, Drone  
  26  2:16  Metabolic Boost  
  26  2:21  Roach Warren  
  25  2:23  Drone  
  25  2:27  Drone  
  27  2:35  Drone x2  
  29  2:47  Drone x4  
  33  2:52  Drone  
  33  2:56  Lair  
  34  2:59  Extractor  
  33  3:06  Evolution Chamber, Drone x2  
  33  3:09  Drone  
  35  3:15  Spore Crawler  
  35  3:18  Spore Crawler  
  33  3:25  Drone x3  
  36  3:29  Overlord  
  36  3:38  Zerg Missile Weapons Level 1  
  36  3:48  Drone x5  
  38  3:55  Glial Reconstitution  
  41  4:00  Drone x2  
  43  4:03  Drone  
  43  4:09  Hatchery  
  43  4:12  Extractor  
  43  4:13  Overlord  
  43  4:16  Drone x2  
  44  4:20  Overlord  
  44  4:34  Drone  
  44  4:37  Roach x3  
  51  4:40  Overlord, Drone  
  51  4:41  Overlord  
  52  4:48  Roach x3  
  52  4:49  Roach  
  60  4:58  Queen  
  62  5:01  Roach  
  62  5:02  Roach x2  
  68  5:07  Overlord  
  68  5:08  Overlord  
  68  5:19  Hydralisk Den  
  68  5:21  Drone  
  68  5:26  Roach x5  
  78  5:31  Drone x3  
  78  5:34  Extractor  
  78  5:35  Drone  
  81  5:37  Drone x2  
  81  5:39  Drone  
  84  5:49  Zerg Missile Weapons Level 2, Grooved Spines  
  84  5:53  Overlord  
  84  5:59  Drone  
  84  6:00  Drone x2  
  84  6:02  Drone  
  84  6:04  Drone  
  89  6:12  Overlord  
  89  6:13  Overlord x2  
  89  6:19  Roach x2  
  89  6:20  Roach  
  89  6:24  Roach x2  
  99  6:36  Roach x5  
  99  6:37  Roach  
  111  6:40  Roach  
  111  6:41  Roach  
  111  6:43  Roach  
  111  6:45  Roach  
  111  6:47  Roach  
  121  6:58  Zergling x2, Overlord x2  
  122  7:07  Spore Crawler, Drone  
  122  7:08  Hydralisk x4  
  130  7:18  Hydralisk x4  
  130  7:20  Hydralisk  
  140  7:29  Overlord  
  140  7:30  Overlord x2  
  140  7:39  Hydralisk x3  
  146  7:44  Overseer  
  146  7:53  Overlord x2  
  146  7:54  Hydralisk x2  
  146  7:55  Hydralisk x2  
  154  8:03  Hydralisk x3  
  154  8:04  Hydralisk  
  162  8:13  Hydralisk  
  162  8:14  Hydralisk x3  
  170  8:25  Overlord  
  170  8:27  Hydralisk x3  
  170  8:29  Roach  
  166  8:42  Roach x6  
  162  8:50  Roach x3  
  162  8:51  Roach  
  160  9:10  Roach x5  
  160  9:11  Roach, Zergling x16  
  177  9:20  Overlord x3  
  171  9:35  Roach x3  
  171  9:36  Zergling x2  
  178  9:39  Overlord x2  
  178  9:51  Roach  
  178  9:52  Roach x5  
  189  9:54  Roach x2  
  189  9:55  Roach x2  
Show
View Real Time Build Order
Export as new Build Order

A.I. 1 (Elite) Zerg 

Build Orders: Hatch First 

Get SALT Encoding   

  12  0:00  Drone  
  13  0:12  Overlord  
  13  0:16  Drone  
  14  0:30  Drone  
  14  0:31  Drone  
  14  0:34  Drone  
  17  0:55  Hatchery  
  16  0:57  Drone  
  17  1:12  Spawning Pool  
  17  1:14  Extractor  
  17  1:16  Drone  
  16  1:20  Drone  
  16  1:23  Drone  
  18  1:28  Drone  
  19  1:38  Overlord  
  19  1:49  Drone  
  20  2:00  Zergling x2  
  21  2:01  Queen  
  21  2:07  Drone  
  24  2:10  Queen  
  26  2:19  Drone  
  27  2:30  Roach Warren  
  27  2:33  Drone  
  27  2:38  Extractor, Drone  
  27  2:45  Overlord  
  27  2:48  Drone  
  28  2:52  Drone  
  28  2:54  Drone  
  28  2:57  Drone  
  31  3:00  Drone  
  31  3:04  Zergling x2  
  33  3:08  Zergling x2  
  33  3:12  Roach  
  36  3:16  Roach  
  36  3:19  Roach  
  40  3:23  Roach  
  40  3:26  Drone  
  43  3:29  Drone  
  44  3:34  Overlord  
  44  3:41  Lair  
  44  3:46  Metabolic Boost  
  44  3:52  Drone  
  44  3:53  Drone  
  46  3:56  Drone  
  46  3:58  Drone  
  46  4:00  Drone  
  46  4:02  Drone  
  50  4:04  Drone  
  50  4:09  Overlord  
  51  4:12  Drone  
  51  4:16  Evolution Chamber  
  51  4:17  Drone  
  52  4:22  Evolution Chamber, Drone  
  52  4:27  Drone x2  
  54  4:32  Drone  
  54  4:33  Drone  
  54  4:35  Drone  
  54  4:37  Drone  
  58  4:43  Infestation Pit, Drone  
  58  4:44  Zerg Missile Weapons Level 1  
  58  4:48  Zerg Ground Armor Level 1  
  58  4:51  Overlord  
  58  4:54  Overlord  
  58  4:56  Drone  
  58  4:57  Zergling x2  
  60  5:09  Drone x2  
  60  5:10  Extractor, Drone x2  
  60  5:12  Hydralisk Den, Drone  
  60  5:14  Drone  
  64  5:19  Overlord, Infestor  
  66  5:24  Roach  
  70  5:28  Extractor, Roach  
  70  5:33  Roach, Drone x3  
  74  5:37  Overlord  
  74  5:38  Roach  
  76  5:43  Hydralisk  
  76  5:46  Hydralisk  
  76  5:49  Hydralisk  
  82  5:54  Hydralisk  
  82  5:55  Overlord, Drone  
  82  5:56  Drone x2  
  87  6:09  Infestor  
  89  6:13  Overlord  
  89  6:15  Hatchery  
  89  6:16  Ravager  
  91  6:18  Roach  
  91  6:26  Ravager  
  91  6:27  Roach  
  91  6:30  Roach  
  91  6:31  Overlord  
  91  6:32  Roach  
  98  6:34  Roach  
  98  6:38  Hydralisk  
  102  6:43  Hydralisk  
  104  6:47  Hydralisk  
  104  6:51  Overlord  
  104  6:52  Hydralisk  
  108  7:05  Spine Crawler  
  108  7:06  Infestor  
  108  7:08  Spine Crawler, Drone  
  108  7:15  Overseer  
  109  7:25  Overlord, Infestor  
  109  7:27  Drone x2  
  109  7:28  Drone x5  
  109  7:29  Drone x3  
  121  7:31  Drone x3  
  121  7:35  Drone  
  125  7:37  Drone  
  125  7:40  Extractor, Drone  
  126  7:45  Extractor, Overlord  
  126  7:48  Drone  
  127  7:51  Drone  
  127  7:54  Drone x3  
  127  7:58  Drone  
  131  7:59  Drone  
  131  8:02  Drone  
  131  8:03  Overlord  
  131  8:04  Drone x2  
  135  8:09  Spore Crawler  
  135  8:10  Drone  
  135  8:11  Spore Crawler  
  135  8:12  Pathogen Glands, Drone  
  135  8:15  Queen  
  137  8:22  Overlord  
  137  8:28  Spine Crawler  
  137  8:29  Drone  
  137  8:32  Roach  
  137  8:33  Roach x5  
  149  8:34  Roach x2  
  149  8:35  Roach  
  149  8:36  Infestor  
  149  8:39  Roach  
  143  8:41  Hydralisk  
  143  8:46  Zergling x2  
  143  8:47  Zergling x2  
  121  8:52  Hydralisk  
  103  8:56  Overseer  
  103  8:57  Hydralisk x2  
  103  9:00  Roach  
  103  9:01  Roach  
  92  9:03  Drone  
  92  9:08  Zergling x2  
  92  9:09  Drone  
  74  9:14  Drone  
  70  9:18  Hydralisk  
  66  9:25  Drone  
  66  9:26  Roach, Drone  
  61  9:35  Zergling x2  
  54  9:40  Overseer  
  47  9:46  Hydralisk  
  47  9:51  Hatchery  
Tags
 
League
Master
Matchup
ZvZ
Race
Zerg
Spawn Locations
Cross Positions
Add a new tag
Caveats
  • Supply blocks, unpowered buildings, or Contaminate may cause inaccurate times.
  • Supply counts are checked every 10 seconds.